 Dungeon Crawl Stone Soup version 0.20.1-1-g8b1a95d (webtiles) character file.

879 Liatris the Cutter (level 7, 0/53 HPs)
             Began as a Demonspawn Gladiator on Aug 16, 2017.
             Succumbed to a scorpion's poison
             ... on level 4 of the Dungeon.
             The game lasted 00:19:54 (3879 turns).

Liatris the Cutter (Demonspawn Gladiator)           Turns: 3879, Time: 00:19:54

Health: 0/53       AC: 14    Str: 15    XL:     7   Next: 75%
Magic:  7/7        EV: 14    Int:  9    God:
Gold:   507        SH:  6    Dex: 16    Spells: 6/6 levels left

rFire    + . .     SeeInvis .   a - +0 rapier
rCold    . . .     Gourm    .   (no shield)
rNeg     . . .     Faith    .   b - +1 leather armour
rPois    .         Spirit   .   (helmet restricted)
rElec    .         Reflect  +   (no cloak)
rCorr    .         Harm     .   (no gloves)
MR       .....                  i - +0 pair of boots
Stlth    +++.......             q - +6 amulet of reflection
Regen    0.2/turn               h - ring of protection from fire
MPRegen  0.1/turn               (no ring)

@: lethally poisoned (0 -> -6), sanguine armour
A: horns 2, nightstalker 1, powered by pain 1, sanguine armour 2
a: no special abilities


You were on level 4 of the Dungeon.
You were not hungry.

You visited 1 branch of the dungeon, and saw 4 of its levels.
You also visited: Ossuary.

You collected 507 gold pieces.

Inventory:

Hand Weapons
 a - a +0 rapier (weapon)
Missiles
 d - 3 throwing nets (quivered)
Armour
 b - a +1 leather armour (worn)
 i - a +0 pair of boots (worn)
Jewellery
 h - a ring of protection from fire (left hand)
 q - a +6 amulet of reflection (around neck)
Wands
 f - a wand of polymorph (12/24)
 m - a wand of flame (18/48)
Scrolls
 c - a scroll of magic mapping {unknown}
 e - a scroll of amnesia {unknown}
 j - 4 scrolls of identify
 n - a scroll of enchant armour
 o - a scroll of recharging
 t - a scroll of silence {unknown}
 w - 2 scrolls of blinking {unknown}
Potions
 g - 3 potions of curing
 k - a potion of agility {unknown}
 l - 2 potions of magic {unknown}
 p - a potion of cancellation {unknown}
 r - a potion of brilliance
 s - 2 potions of heal wounds
 u - a potion of might
 v - 2 potions of haste {unknown}
 x - a potion of degeneration {unknown}


   Skills:
 + Level 3.7 Fighting
 + Level 6.0 Short Blades
 + Level 1.7 Throwing
 + Level 2.5 Armour
 + Level 4.5 Dodging
 + Level 2.0 Stealth


You had 6 spell levels left.
You didn't know any spells.

Dungeon Overview and Level Annotations

Branches:
Dungeon (4/15)
 Temple: D:4-7

Altars:
Nemelex Xobeh

Shops:
D:4 ?

Annotations:
D:4 Ijyb


Innate Abilities, Weirdness & Mutations

You are slightly more attuned to the shadows.
You sometimes gain a little power by taking damage.
When seriously injured, your bleeding wounds create thick armour. (AC +9)
You have a pair of horns on your head.


Message History

The scorpion is severely wounded.
You feel sick. You block the scorpion's attack.
You hit the scorpion. You headbutt the scorpion.
You kill the scorpion!
Your Short Blades skill increases to level 6!
You feel sick.
Ijyb zaps a wand.
The bolt of lightning hits you!
Your blood congeals into armour.
The bolt of lightning hits you!
It is a wand of lightning (?/15).
You feel sick.
You feel sick. Ijyb screams, "I no like you!"
Ijyb zaps a wand.
The bolt of lightning hits you!
* * * LOW HITPOINT WARNING * * *
Found a chain mail.
You hit Ijyb but do no damage. You headbutt Ijyb, but do no damage.
* * * LOW HITPOINT WARNING * * *
You feel sick.
You hit Ijyb.
Ijyb is lightly wounded.
You die...

.......#
####.....#
#.#.#.#
#.#...#
#.##### #..
## .#######
[#########
.#.....#
.....g@..#
.##.##.#
########.#
....##.####
####.#
######....#
#....#
####.#
#.####
#.#####.#
#.......#
#########


You could see Ijyb.

Vanquished Creatures
  Sigmund (D:3)
  A centaur (D:3)
  A scorpion (D:4)
  A crimson imp (D:3)
  A jelly (D:3)
  An orc priest (D:3)
  3 orc wizards (D:3)
  A worker ant (D:4)
  Terence (D:2)
  A big kobold zombie (Ossuary)
  8 mummies (Ossuary)
  Robin (D:2)
  A howler monkey skeleton (D:4)
  9 adders
  4 gnolls (D:4)
  A worm (D:3)
  2 dart slugs (D:2)
  3 leopard geckos
  6 orcs (D:3)
  A ball python (D:1)
  7 bats
  4 giant cockroaches
  20 goblins
  13 hobgoblins
  12 jackals
  3 frilled lizards
  3 hobgoblin zombies (Ossuary)
  8 kobolds
  A kobold zombie (Ossuary)
  3 orc zombies (Ossuary)
  8 rats
130 creatures vanquished.

Notes
Turn   | Place    | Note
-------+----------+-------------------------------------------
     0 | D:1      | Liatris the Demonspawn Gladiator began the quest for the Orb.
     0 | D:1      | Reached XP level 1. HP: 16/16 MP: 1/1
   148 | D:1      | Gained mutation: When seriously injured, your bleeding wounds create armour. (AC +9) [demonic ancestry]
   148 | D:1      | Reached XP level 2. HP: 22/22 MP: 2/2
   420 | D:1      | Reached skill level 3 in Short Blades
   546 | D:1      | Gained mutation: You sometimes gain a little power by taking damage. [demonic ancestry]
   546 | D:1      | Reached XP level 3. HP: 16/27 MP: 3/3
   691 | D:1      | Gained mutation: You have a pair of small horns on your head. [potion of mutation]
   691 | D:1      | Gained mutation: You have a pair of horns on your head. [potion of mutation]
   867 | D:2      | Noticed Robin
   880 | D:2      | Killed Robin
   880 | D:2      | Reached skill level 1 in Armour
  1047 | D:2      | Gained mutation: You are slightly more attuned to the shadows. [demonic ancestry]
  1047 | D:2      | Reached XP level 4. HP: 30/33 MP: 4/4
  1677 | D:2      | Noticed Terence
  1687 | D:2      | Killed Terence
  1687 | D:2      | Gained mutation: When seriously injured, your bleeding wounds create thick armour. (AC +9) [demonic ancestry]
  1687 | D:2      | Reached XP level 5. HP: 27/39 MP: 5/5
  1858 | D:3      | Noticed Sigmund
  1869 | D:3      | Killed Sigmund
  1869 | D:3      | Reached skill level 4 in Short Blades
  1869 | D:3      | Reached XP level 6. HP: 46/46 MP: 6/6
  2116 | D:3      | Reached skill level 5 in Short Blades
  2466 | D:3      | Reached skill level 1 in Stealth
  2466 | D:3      | Reached XP level 7. HP: 52/52 MP: 7/7
  2671 | D:4      | Found Budwef's Magic Scroll Shop.
  3201 | D:4      | Found a sparkling altar of Nemelex Xobeh.
  3220 | D:4      | Found a sand-covered staircase.
  3225 | Ossuary  | Entered an ossuary
  3872 | D:4      | Noticed Ijyb
  3875 | D:4      | Reached skill level 6 in Short Blades
  3877 | D:4      | HP: 2/53 [Ijyb/wand of lightning (?/15) (19)]
  3879 | D:4      | Succumbed to a scorpion's poison

Skill      XL: |  1  2  3  4  5  6  7 |
---------------+----------------------+-----
Dodging        | 3 4 |  4.5
Short Blades   | 3 4 5 6 |  6.0
Armour         | 1 2 |  2.5
Fighting       | 3 |  3.7
Stealth        | 1 2 |  2.0
Throwing       | |  1.7

Action                   |  1- 3 |  4- 6 |  7- 9 || total
-------------------------+-------+-------+-------++-------
Melee: Rapier            |   120 |   151 |   122 ||   393
       Headbutt          |     6 |    20 |    23 ||    49
  Use: Scroll            |     6 |     4 |       ||    10
       Potion            |     5 |     2 |     2 ||     9
 Stab: Distracted        |     1 |       |       ||     1
       Sleeping          |       |     6 |     8 ||    14
  Eat: Bread ration      |     1 |     1 |       ||     2
       Meat ration       |       |       |     1 ||     1
Armor: Leather armour    |    60 |    31 |    23 ||   114
Dodge: Dodged            |    96 |    69 |    80 ||   245
Block: Other             |    11 |    43 |    34 ||    88
       Reflection        |       |     1 |     1 ||     2
